 Dungeon Crawl Stone Soup version 0.23.2-1-ga50397a (webtiles) character file.

Game seed: 16286156142080857269

73584 goulibeur the Basher (level 15, -6/132 HPs)
             Began as a Purple Draconian Berserker on May 23, 2019.
             Was the Champion of Trog.
             Mangled by Jorgrun
             ... wielding a +0 quarterstaff of crushing
              (8 damage)
             ... while petrified by Jorgrun
             ... on level 14 of the Dungeon.
             The game lasted 02:00:53 (25696 turns).

goulibeur the Basher (Purple Draconian Berserker)  Turns: 25696, Time: 02:01:05

Health: -6/132     AC: 13    Str: 24    XL:     15   Next: 4%
Magic:  0/5        EV: -1    Int:  7    God:    Trog [******]
Gold:   1472       SH:  0    Dex: 18    Spells: 14/14 levels left

rFire    . . .     SeeInvis .   X - +3 demon whip (antimagic)
rCold    + . .     Gourm    .   y - +0 buckler of Supple Strength {*Corrode rC+ Slay+3}
rNeg     + + +     Faith    .   (armour unavailable)
rPois    ∞         Spirit   .   (helmet restricted)
rElec    .         Reflect  .   k - +1 cloak
rCorr    .         Harm     .   m - +0 pair of gloves
MR       ++...                  w - +0 pair of boots
Stlth    ++........             a - amulet of regeneration
HPRegen  0.72/turn              i - +5 ring of strength
MPRegen  0.09/turn              J - ring of Phasing {EV+8}

@: petrified, grasped by roots, slowed, constricted, lightly drained
A: breathe power, unfitting armour, cold-blooded, AC +9
a: Breathe Dispelling Energy, Berserk, Trog's Hand, Brothers in Arms, Renounce
Religion


You were on level 14 of the Dungeon.
You worshipped Trog.
Trog was exalted by your worship.
You were very hungry.

You visited 3 branches of the dungeon, and saw 22 of its levels.
You also visited: Gauntlet and Volcano.

You collected 2304 gold pieces.
You spent 832 gold pieces at shops.

Inventory:

Hand Weapons
 s - a +3 whip of electrocution
 R - a +0 antimagic flail
 T - a +1 morningstar of venom
 X - a +3 antimagic demon whip (weapon)
Missiles
 v - 4 javelins (quivered)
 I - 4 javelins of returning
 M - 9 tomahawks
Armour
 k - a +1 cloak (worn)
 m - a +0 pair of gloves (worn)
 w - a +0 pair of boots (worn)
 y - the +0 buckler of Supple Strength (worn) {*Corrode rC+ Slay+3}
   (You found it on level 4 of the Dungeon)

   It affects your accuracy and damage with ranged weapons and melee attacks
   (+3).
   It protects you from cold.
   It may corrode you when you take damage.
Jewellery
 a - an amulet of regeneration (around neck)
 i - a +5 ring of strength (left hand)
 o - an uncursed ring of protection from fire
 u - an uncursed ring of magical power {unknown}
 E - an uncursed ring of protection from magic {unknown}
 J - the ring of Phasing (right hand) {EV+8}
   (You found it on level 8 of the Dungeon)

   [ring of evasion]

   It affects your evasion (+8).
 L - an uncursed ring of protection from magic {unknown}
 Y - an uncursed ring of magical power {unknown}
Wands
 x - a wand of flame (71)
 z - a wand of iceblast (26)
 A - a wand of disintegration (20)
 B - a wand of scattershot (5)
 P - a wand of polymorph (9)
 Q - a wand of digging (10)
Scrolls
 c - 5 scrolls of magic mapping
 f - a scroll of enchant armour
 g - a scroll of fear
 j - 7 scrolls of teleportation
 l - a scroll of identify
 r - 6 scrolls of remove curse
Potions
 d - 5 potions of might
 e - 6 potions of flight
 h - 4 potions of agility
 n - 11 potions of curing
 t - 4 potions of brilliance
 C - a potion of berserk rage {unknown}
 D - 6 potions of heal wounds
 F - 2 potions of haste
 G - 4 potions of mutation
 H - a potion of lignification {unknown}
 K - 2 potions of resistance
 O - 2 potions of degeneration {unknown}
 U - a potion of invisibility {unknown}
Comestibles
 b - 24 rations
 p - 4 chunks of flesh


   Skills:
 + Level 12.0(11.8) Fighting
 * Level 14.3(14.1) Maces & Flails
 + Level 10.0(9.9) Throwing
 + Level 10.3(10.1) Dodging
 * Level 13.4(13.2) Shields


You had 14 spell levels left.
You didn't know any spells.
Your spell library was empty.

Dungeon Overview and Level Annotations

Branches:
Dungeon (14/15)            Temple (0/1) D:6            Lair (6/6) D:10
 Shoals (0/4) Lair:3        Snake (0/4) Lair:4        Slime (0/5) Lair:6
    Orc (2/2) D:10            Elf (0/3) Orc:2
 Vaults: D:13-14

Altars:
Dithmenos
Fedhas
Gozag
Makhleb
Ru
Sif Muna
Trog

Shops:
D:6 [   D:9 [   D:11 *   Orc:2 *[=(

Portals:
Hell: Lair:6

Annotations:
D:14 Jorgrun


Innate Abilities, Weirdness & Mutations

You can breathe bolts of dispelling energy.
Your rich purple scales are hard. (AC +9)
You cannot fit into any form of body armour.
You are cold-blooded and may be slowed by cold attacks.


Message History

* * * LOW HITPOINT WARNING * * *
The two-headed ogre hits you with a +0 dire flail!
* * * LOW HITPOINT WARNING * * *
The centaur warrior hits you but does no damage.
Jorgrun hits you but does no damage.
* * * LOW HITPOINT WARNING * * *
The grasping roots constrict you.
The centaur hits you but does no damage.
The centaur warrior hits you!
* * * LOW HITPOINT WARNING * * *
The freezing wraith hits you.
* * * LOW HITPOINT WARNING * * *
The freezing wraith freezes you! You resist.
* * * LOW HITPOINT WARNING * * *
The freezing wraith hits you.
* * * LOW HITPOINT WARNING * * *
The freezing wraith drains your vigour!
You feel as though you will be slow longer.
Jorgrun hits you with a +0 quarterstaff of crushing!
You die...

.. ....# >.
....#.. #. .....
.####.###G.#
.......(((#
........(####
.#5J...c((..#...
.....JccW........
...J.JO@#####....
...#..g..(..# ...
..<.........# #
......#.).).#
...##.####)## ...
#.####.# #
#...##.# #.#.##.#
##......####


You could see Jorgrun, 4 slime creatures, a centaur warrior, a two-headed ogre,
a freezing wraith, an eye of draining, 2 centaurs and a crimson imp.

Vanquished Creatures
  An orc warlord (Orc:2)
  Nessos (D:12)
  Josephine (D:14)
  Erolcha (Orc:2)
  A hell beast (Lair:6)
  5 hydras
  A catoblepas (Lair:6)
  2 centaur warriors
  7 two-headed ogres
  4 orc high priests (Orc:2)
  8 death yaks
  Urug (Orc:1)
  A wizard (Lair:6)
  3 orc knights (Orc:2)
  3 oklob plants (Lair:6)
  A deep elf mage (D:14)
  2 manticores
  4 orc sorcerers
  14 elephants
  2 cyclopes (D:11)
  3 black mambas
  Joseph (D:7)
  A smoke demon (Lair:6)
  2 orange demons (Lair:6)
  3 gargoyles
  7 spiny frogs
  4 rime drakes
  4 komodo dragons
  4 kobold demonologists
  2 ice devils (Lair:6)
  A red devil (Lair:6)
  7 trolls
  9 hippogriffs
  7 blink frogs
  A meliai zombie (D:12)
  10 slime creatures
  Sigmund (D:6)
  A shadow (D:14)
  51 yaks
  A vampire (D:13)
  7 wyverns
  Eustachio (D:6)
  6 wraiths
  A basilisk (D:10)
  A steam dragon (D:10)
  2 wargs
  5 nagas (Lair:4)
  5 vampire mosquitoes
  An acid dragon (D:12)
  8 water moccasins
  Duvessa (D:7)
  5 hell hounds (Lair:6)
  9 porcupines
  21 orc warriors
  An ice beast (D:9)
  3 sky beasts
  14 ogres
  3 phantoms
  14 wolves
  2 necrophages
  6 centaurs
  10 crocodiles
  A big kobold (D:8)
  A gnoll sergeant (D:6)
  18 bullfrogs
  A wyvern skeleton (D:12)
  6 scorpions
  Dowan (D:7)
  3 killer bees (D:9)
  5 wights (D:7)
  4 howler monkeys
  2 electric eels (Lair:4)
  5 crimson imps
  A quasit (D:6)
  9 hounds
  4 jellies
  36 orc wizards
  A bullfrog zombie (D:7)
  4 centaur skeletons
  20 orc priests
  Crazy Yiuf (D:2)
  5 bullfrog skeletons
  Ijyb (D:4)
  3 iguanas
  6 worker ants
  A hound zombie (D:9)
  A worker ant zombie (D:10)
  Robin (D:2)
  3 gnolls (D:6)
  14 adders
  6 shadow imps
  An adder skeleton (D:9)
  3 worms
  2 dart slugs
  9 leopard geckos
  105 orcs
  6 giant cockroaches
  10 goblins
  10 hobgoblins
  10 jackals
  15 kobolds
  2 quokkas
  3 ball pythons
  7 bats
  4 frilled lizards
  A giant cockroach zombie (D:5)
  A leopard gecko zombie (D:7)
  7 rats
669 creatures vanquished.

Vanquished Creatures (others)
  4 fungi (Lair:6)
  8 plants
12 creatures vanquished.

Grand Total: 681 creatures vanquished

Notes
Turn   | Place    | Note
-------+----------+-------------------------------------------
     0 | D:1      | goulibeur the Draconian Berserker began the quest for the
                  | Orb.
     0 | D:1      | Reached XP level 1. HP: 19/19 MP: 1/1
   183 | D:1      | Reached XP level 2. HP: 26/26 MP: 2/2
   982 | D:2      | Reached skill level 1 in Throwing
   982 | D:2      | Reached XP level 3. HP: 27/33 MP: 3/3
  1052 | D:2      | Noticed Robin
  1061 | D:2      | Reached ** piety under Trog
  1071 | D:2      | Killed Robin
  1116 | D:2      | Reached XP level 4. HP: 22/40 MP: 4/4
  1293 | D:2      | Found a runed translucent door.
  1296 | D:2      | Noticed Crazy Yiuf
  1306 | D:2      | Killed Crazy Yiuf
  1986 | D:3      | Reached XP level 5. HP: 46/46 MP: 5/5
  2135 | D:3      | Reached *** piety under Trog
  2369 | D:3      | Noticed an ogre
  2388 | D:3      | Killed an ogre
  2388 | D:3      | Reached skill level 4 in Maces & Flails
  2616 | D:3      | Reached XP level 6. HP: 45/53 MP: 6/6
  3192 | D:4      | Noticed Ijyb
  3217 | D:4      | Killed Ijyb
  3411 | D:4      | Got a crude buckler
  3417 | D:4      | Identified the +0 buckler of Supple Strength {*Corrode rC+
                  | Slay+3} (You found it on level 4 of the Dungeon)
  3479 | D:4      | Reached skill level 5 in Fighting
  3795 | D:4      | Your scales start taking on a rich purple colour.
  3795 | D:4      | Reached XP level 7. HP: 61/61 MP: 7/7
  4310 | D:5      | Entered Level 5 of the Dungeon
  4386 | D:5      | Reached skill level 5 in Maces & Flails
  4502 | D:5      | Found an opulent altar of Gozag.
  4717 | D:5      | Reached **** piety under Trog
  4950 | D:6      | Noticed Eustachio
  4960 | D:6      | Killed Eustachio
  4960 | D:6      | Reached skill level 1 in Shields
  4960 | D:6      | Reached XP level 8. HP: 70/70 MP: 8/8
  5165 | D:6      | Found Doxtem's Armour Shop.
  5175 | D:6      | Reached skill level 5 in Dodging
  5185 | D:6      | Noticed Sigmund
  5196 | D:6      | Killed Sigmund
  5196 | D:6      | Reached skill level 6 in Maces & Flails
  5444 | D:6      | Found a staircase to the Ecumenical Temple.
  6028 | D:7      | Noticed Joseph
  6039 | D:7      | Killed Joseph
  6039 | D:7      | Reached XP level 9. HP: 78/78 MP: 9/9
  6107 | D:7      | Reached skill level 7 in Maces & Flails
  6197 | D:7      | Reached skill level 5 in Throwing
  6401 | D:7      | Noticed Dowan
  6404 | D:7      | Noticed Duvessa
  6409 | D:7      | Killed Dowan
  6419 | D:7      | Killed Duvessa
  6419 | D:7      | Reached skill level 5 in Shields
  7013 | D:8      | Noticed a two-headed ogre
  7024 | D:8      | Killed a two-headed ogre
  7024 | D:8      | Reached skill level 8 in Maces & Flails
  7169 | D:8      | Found the ring of Phasing {EV+8}
  7187 | D:8      | Reached XP level 10. HP: 86/86 MP: 10/10
  7418 | D:8      | Found a bloodstained altar of Trog.
  7418 | D:8      | Found a faded altar of an unknown god.
  7423 | D:8      | Found a faded altar of an unknown god.
  7425 | D:8      | Found a sacrificial altar of Ru.
  7427 | D:8      | Found a shadowy altar of Dithmenos.
  7637 | D:9      | Reached ***** piety under Trog
  7817 | D:9      | Noticed a two-headed ogre
  7827 | D:9      | Killed a two-headed ogre
  8191 | D:9      | Received a gift from Trog
  8312 | D:9      | Reached skill level 9 in Maces & Flails
  8366 | D:9      | Found Tirih's Antique Armour Shoppe.
  8682 | D:10     | Entered Level 10 of the Dungeon
  8705 | D:10     | Found a deep blue altar of Sif Muna.
  8822 | D:10     | Noticed a centaur warrior
  8823 | D:10     | Noticed an elephant
  8838 | D:10     | Noticed a gargoyle
  8844 | D:10     | HP: 2/90 [elephant (3)]
  9221 | D:10     | Killed a centaur warrior
  9221 | D:10     | Reached XP level 11. HP: 78/95 MP: 11/11
  9320 | D:10     | Found a staircase to the Lair.
  9338 | D:10     | Noticed a two-headed ogre
  9346 | D:10     | Killed a two-headed ogre
  9731 | D:10     | Reached skill level 10 in Maces & Flails
  9843 | D:10     | Found a staircase to the Orcish Mines.
  9862 | D:10     | Identified the cursed +2 short sword "Daushrid" {freeze,
                  | rElec rPois}
 10374 | Lair:1   | Entered Level 1 of the Lair of Beasts
 10543 | Lair:1   | Found a dark tunnel.
 10552 | Volcano  | Entered a volcano
 10568 | Volcano  | Noticed a salamander mystic
 11160 | Lair:1   | Found a bloodstained altar of Trog.
 11263 | Lair:1   | Received a gift from Trog
 11587 | Lair:2   | Found a gate leading to a gauntlet.
 11645 | Gauntlet | Entered a Gauntlet
 11645 | Gauntlet | Found a transporter.
 11650 | Gauntlet | Found a transporter.
 11651 | Gauntlet | Found a transporter.
 11666 | Gauntlet | Found a transporter.
 11667 | Gauntlet | Found a transporter.
 11669 | Gauntlet | Noticed an entropy weaver
 11674 | Gauntlet | Noticed a wolf spider
 11676 | Gauntlet | Found a transporter.
 11692 | Gauntlet | Found a transporter.
 11702 | Gauntlet | Found a transporter.
 11709 | Gauntlet | Noticed a hell beast
 11712 | Gauntlet | Found a transporter.
 11726 | Gauntlet | Found a transporter.
 11735 | Gauntlet | Found a transporter.
 11737 | Gauntlet | Found a transporter.
 11744 | Gauntlet | Noticed a fire crab
 12197 | Lair:2   | Reached XP level 12. HP: 83/105 MP: 12/12
 12856 | Lair:3   | Found a staircase to the Shoals.
 12872 | Lair:3   | Reached skill level 11 in Maces & Flails
 12977 | Lair:3   | You fall through a shaft!
 13021 | Lair:4   | Found a staircase to the Snake Pit.
 13495 | Lair:3   | Reached skill level 10 in Shields
 14362 | Lair:5   | Noticed a four-headed hydra
 14374 | Lair:5   | Killed a four-headed hydra
 14527 | Lair:4   | Reached skill level 10 in Fighting
 15498 | Lair:5   | Reached skill level 12 in Maces & Flails
 15790 | Lair:6   | Entered Level 6 of the Lair of Beasts
 15862 | Lair:6   | Noticed a six-headed hydra
 15871 | Lair:6   | Killed a six-headed hydra
 15871 | Lair:6   | Reached XP level 13. HP: 105/114 MP: 13/13
 16173 | Lair:5   | Received a gift from Trog
 17076 | Lair:6   | Received a gift from Trog
 17941 | Lair:6   | Found a burning altar of Makhleb.
 17974 | Lair:6   | Reached skill level 13 in Maces & Flails
 17981 | Lair:6   | HP: 5/116 [ice devil (10)]
 18465 | Lair:6   | Found a gateway to Hell.
 18650 | Lair:6   | Found a staircase to the Slime Pits.
 19636 | Orc:1    | Entered Level 1 of the Orcish Mines
 20015 | Orc:2    | Entered Level 2 of the Orcish Mines
 20368 | Orc:1    | Reached XP level 14. HP: 124/124 MP: 4/14
 20648 | Orc:2    | Found a staircase to the Elven Halls.
 21467 | Orc:2    | Received a gift from Trog
 21627 | Orc:2    | Noticed Urug
 21630 | Orc:2    | Noticed an orc warlord
 21708 | Orc:1    | Killed Urug
 22035 | Orc:2    | Killed an orc warlord
 22291 | Orc:2    | Found Ruylad's General Store.
 22294 | Orc:2    | Found Ugafapt's Jewellery Shop.
 22298 | Orc:2    | Found Pataic's Antique Armour Shop.
 22298 | Orc:2    | Found Ufa Popp's Antique Weapon Boutique.
 22306 | Orc:2    | Bought a scroll of acquirement for 832 gold pieces
 22532 | Orc:2    | Noticed Erolcha
 22540 | Orc:2    | Killed Erolcha
 23172 | D:11     | Found Netelury's Assorted Antiques.
 23483 | D:12     | Received a gift from Trog
 23883 | D:12     | Reached skill level 10 in Dodging
 24070 | D:12     | Received a gift from Trog
 24296 | D:12     | Noticed Nessos
 24301 | D:12     | Killed Nessos
 24557 | D:13     | Reached skill level 14 in Maces & Flails
 24755 | D:13     | Reached ****** piety under Trog
 25196 | D:13     | Reached skill level 10 in Throwing
 25644 | D:14     | Noticed Josephine
 25676 | D:14     | Killed Josephine
 25676 | D:14     | Reached XP level 15. HP: 110/132 MP: 5/15
 25677 | D:14     | Found a blossoming altar of Fedhas.
 25687 | D:14     | Noticed Jorgrun
 25696 | D:14     | HP: 4/132 [freezing wraith (5)]
 25696 | D:14     | Mangled by Jorgrun

Skill      XL: |  1  2  3  4  5  6  7  8  9 10 11 12 13 14 |
---------------+-------------------------------------------+-----
Dodging        | 3 4 5 6 7 8 9 10 | 10.3
Throwing       | 1 2 3 4 5 6 7 8 9 10 | 10.0
Fighting       | 4 5 6 7 8 9 10 11 12 | 12.0
Maces & Flails | 4 5 6 8 9 10 12 13 14 | 14.3
Shields        | 1 4 5 7 9 10 12 13 | 13.4

Action                   |  1- 3 |  4- 6 |  7- 9 | 10-12 | 13-15 || total
-------------------------+-------+-------+-------+-------+-------++-------
Melee: Mace              |   105 |    28 |       |       |       ||   133
       Tailslap          |    11 |    16 |    46 |   165 |   258 ||   496
       Whip              |       |   107 |   203 |   744 |   157 ||  1211
       Demon whip        |       |       |       |       |   976 ||   976
Throw: Tomahawk          |       |       |       |     4 |       ||     4
       Javelin           |       |       |       |       |   106 ||   106
Invok: Berserk           |       |     3 |     8 |     5 |     7 ||    23
       Trog's Hand       |       |       |       |       |     1 ||     1
 Abil: Breathe Dispellin |       |       |       |     2 |     7 ||     9
Evoke: Wand              |       |       |       |     5 |       ||     5
  Use: Scroll            |       |     5 |       |     8 |    13 ||    26
       Potion            |       |       |     1 |     1 |     2 ||     4
 Stab: Sleeping          |     2 |     3 |       |     1 |     2 ||     8
  Eat: Chunk             |     1 |    10 |    18 |    29 |    32 ||    90
       Ration            |       |       |       |     1 |     2 ||     3
Armor: Skin              |    47 |    36 |    42 |    49 |    71 ||   245
Dodge: Dodged            |    84 |    78 |    92 |   418 |   667 ||  1339
Block: Buckler           |       |       |    27 |   137 |   289 ||   453
